 Dungeon Crawl Stone Soup version 0.30-a0-913-g9934a0ce24 (webtiles) character file.

Game seed: 4248501543822673055

1282 cforsyth the Shield-Bearer (level 8, -4/64 HPs)
             Began as a Human Fighter on Mar 20, 2023.
             Slain by a two-headed ogre
             ... wielding a +0 giant club
              (29 damage)
             ... on level 6 of the Dungeon.
             The game lasted 00:10:12 (6108 turns).

cforsyth the Shield-Bearer (Human Fighter)          Turns: 6108, Time: 00:10:13

Health: -4/64      AC: 14    Str: 19    XL:     8   Next: 84%
Magic:  8/8        EV:  7    Int:  9    God:
Gold:   303        SH:  5    Dex: 12    Spells: 7/7 levels left

rFire   . . .      SeeInvis .    a - +0 flail
rCold   + . .      Faith    .    c - +0 buckler
rNeg    . . .      Spirit   .    r - +3 chain mail {rC+}
rPois   .          Reflect  .    k - +0 helmet
rElec   .          Rampage  .    (no cloak)
rCorr   .                        (no gloves)
Will    .....                    (no boots) Stlth
                                 (no amulet)
HPRegen 0.30/turn                (no ring)
MPRegen 0.11/turn                (no ring)

@: no status effects
A: no striking features
a: no special abilities


You were on level 6 of the Dungeon.
You visited 1 branch of the dungeon, and saw 6 of its levels.
You also visited: Sewer.

You collected 303 gold pieces.

Inventory:

Hand Weapons
 a - a +0 flail (weapon)
Armour
 b - a +0 scale mail
 c - a +0 buckler (worn)
 k - a +0 helmet (worn)
 r - a +3 chain mail of cold resistance (worn)
Jewellery
 n - an amulet of regeneration
 t - the ring of Koluc {Ice Drain +Blink rElec Int+4}
   (You found it on level 4 of the Dungeon)

   [ring of ice]

   It enhances your ice magic.
   Int:       It affects your intelligence (+4).
   rF:        It makes you vulnerable to fire.
   rC:        It protects you from cold.
   rElec:     It insulates you from electricity.
   +Blink:    It lets you blink.
   Drain:     It drains your maximum health when unequipped.
Scrolls
 d - a scroll of identify
 e - 3 scrolls of enchant weapon {unknown}
 g - 2 scrolls of teleportation
 i - a scroll of vulnerability
 m - 2 scrolls of blinking {unknown}
 p - a scroll of magic mapping
 s - 2 scrolls of torment
 v - a scroll of amnesia {unknown}
Potions
 f - 2 potions of heal wounds
 h - 4 potions of curing
 j - 2 potions of ambrosia
 l - 3 potions of lignification
 o - a potion of haste {unknown}
 q - 2 potions of attraction
 u - a potion of mutation


   Skills:
 + Level 5.8 Fighting
 + Level 5.3 Maces & Flails
 + Level 5.8 Armour
 + Level 5.8 Shields


You had 7 spell levels left.
You didn't know any spells.
Your spell library contained the following spells:

 Spells                   Type           Power      Damage    Failure   Level
 Necrotise                Necr           0%         1d4       99%         1
 Vampiric Draining        Necr           0%         2d6       100%        3
 Animate Dead             Necr           0%         N/A       100%        4
 Agony                    Necr           0%         N/A       100%        5
 Borgnjor's Vile Clutch   Necr/Erth      0%         N/A       100%        5
 Death Channel            Necr           0%         N/A       100%        6


Dungeon Overview and Level Annotations

Branches:
Dungeon (6/15)              Sewer (visited)
 Temple: D:4-7

Altars:
Nemelex Xobeh

Shops:
D:2 *

Annotations:
D:5 Blork the orc


Message History

You hit the two-headed ogre.
The two-headed ogre is severely wounded.
The two-headed ogre barely misses you.
The two-headed ogre hits you with a +0 giant club!
You hit the two-headed ogre but do no damage.
The two-headed ogre is severely wounded.
You sock the two-headed ogre!
The two-headed ogre is severely wounded.
You block the two-headed ogre's attack. x2
You hit the two-headed ogre.
The two-headed ogre is almost dead.
The two-headed ogre closely misses you.
The two-headed ogre hits you with a +0 giant club!!
You hit the two-headed ogre but do no damage.
The two-headed ogre is almost dead.
You block the two-headed ogre's attack.
The two-headed ogre hits you with a +0 giant club!
* * * LOW HITPOINT WARNING * * *
Unknown command.
You feel much better.
You hit the two-headed ogre.
The two-headed ogre is almost dead.
The two-headed ogre hits you with a +0 giant club!
The two-headed ogre hits you with a +0 giant club.
You hit the two-headed ogre.
The two-headed ogre is almost dead.
The two-headed ogre barely misses you.
The two-headed ogre hits you with a +0 giant club!
* * * LOW HITPOINT WARNING * * *
You feel much better.
The two-headed ogre hits you with a +0 giant club. x2
You barely miss the two-headed ogre.
The two-headed ogre is almost dead.
You hit the two-headed ogre but do no damage.
The two-headed ogre is almost dead.
You block the two-headed ogre's attack. The two-headed ogre closely misses you.
You hit the two-headed ogre.
The two-headed ogre is almost dead.
The two-headed ogre hits you with a +0 giant club!!
You die...

##########
#...).....
#.........
#.........
#.........
#.........
#.!.......
##..†....!.
##.@O)......
....
#....)..../.
....
#.#.........
.....
##.#######.##
..... ##..# #
......#..##
......#.##
........###
..........###


You could see a two-headed ogre.

Vanquished Creatures
  An ogre (D:5)
  3 phantoms (D:5)
  A scorpion (D:4)
  2 gnoll sergeants
  A wight (D:5)
  4 hounds
  An iguana (D:6)
  A sleepcap (D:4)
  Terence (D:3)
  An orc wizard (D:3)
  A hell rat (Sewer)
  8 adders
  9 gnolls
  3 river rats (Sewer)
  A shadow imp (D:5)
  An ufetubus (D:5)
  A worm (D:4)
  A dart slug (D:3)
  8 orcs (D:3)
  6 endoplasms
  2 giant cockroaches
  5 goblins
  7 hobgoblins
  4 jackals (D:3)
  6 kobolds
  5 quokkas
  9 ball pythons
  3 bats
  4 frilled lizards
  9 rats
109 creatures vanquished.

Vanquished Creatures (collateral kills)
  A scorpion (D:6)
  A jelly (D:6)
  2 orc priests (D:6)
  An iguana (D:6)
  2 gnolls (D:5)
  A white imp (D:6)
  An orc (D:6)
9 creatures vanquished.

Grand Total: 118 creatures vanquished

Notes
Turn   | Place    | Note
-------+----------+-------------------------------------------
     0 | D:1      | cforsyth the Human Fighter began the quest for the Orb.
     0 | D:1      | Reached XP level 1. HP: 18/18 MP: 1/1
   117 | D:1      | Reached XP level 2. HP: 24/24 MP: 2/2
   346 | D:1      | Reached XP level 3. HP: 26/29 MP: 3/3
   568 | D:2      | Found Wosuvil's General Store.
   765 | D:2      | Reached XP level 4. HP: 35/35 MP: 4/4
  1478 | D:3      | Reached XP level 5. HP: 38/42 MP: 5/5
  1754 | D:3      | Noticed Terence
  1761 | D:3      | Killed Terence
  1975 | D:3      | Identified the +0 leather armour of Omission {Str+3}
  2635 | D:3      | Reached XP level 6. HP: 48/48 MP: 6/6
  3270 | D:4      | Found a sparkling altar of Nemelex Xobeh.
  3288 | D:4      | Identified the ring of Koluc {Ice Drain +Blink rElec Int+4}
  3334 | D:4      | Reached XP level 7. HP: 42/55 MP: 7/7
  3814 | D:5      | Entered Level 5 of the Dungeon
  3953 | D:5      | Noticed Blork the orc
  3998 | D:5      | Found a glowing drain.
  4009 | Sewer    | Entered a sewer
  4778 | D:5      | Reached skill level 5 in Armour
  4921 | D:5      | Reached skill level 5 in Fighting
  4921 | D:5      | Reached skill level 5 in Shields
  4921 | D:5      | Reached XP level 8. HP: 33/62 MP: 8/8
  5243 | D:5      | Reached skill level 5 in Maces & Flails
  6070 | D:6      | Noticed a two-headed ogre
  6108 | D:6      | Slain by a two-headed ogre

Illustrated notes

Levels and vault maps discovered:
D:1:      minmay_arrival_shoal_huts, layout_rooms, minmay_heptomino_o4
D:2:      layout_loops_ring, serial_shops, nicolae_shop_advertising_works
          [nicolae_subvault_shop_adworks]
D:3:      layout_loops_corners, uniq_terence
D:4:      layout_cave_pools, mainiacjoe_overflow_24_doors
D:5:      layout_loops_corners, portal_sewer_entry_b, sword_in_stone
D:6:      layout_rooms, minmay_temple_entry_statues_fountains

Skill      XL: |  1  2  3  4  5  6  7  8 |
---------------+-------------------------+-----
Maces & Flails | 3 4 5 |  5.3
Armour         | 4 5 |  5.8
Fighting       | 4 5 |  5.8
Shields        | 4 5 |  5.8

Action                     |  1- 3 |  4- 6 |  7- 9 || total
---------------------------+-------+-------+-------++-------
  Melee: Flail             |    83 |   184 |   204 ||   471
  Evoke: Wand              |       |       |     3 ||     3
    Use: Scroll            |       |     2 |    11 ||    13
         Potion            |       |       |     4 ||     4
   Stab: Betrayed ally     |       |       |     1 ||     1
 Armour: Scale mail        |    44 |    35 |       ||    79
         Chain mail        |       |    77 |   123 ||   200
  Dodge: Dodged            |    28 |    80 |    88 ||   196
  Block: Buckler           |    25 |    48 |    71 ||   144

Table legend: (Time is in decaauts)
 A = Elapsed time spent in this place.
 B = Non-inter-level travel time spent in this place.
 C = Inter-level travel time spent in this place.
 D = Time resting spent in this place.
 E = Time spent auto-exploring this place.
 F = Levels seen in this place.
 G = Mean time per level.
                   A        B        C        D        E       F      G
               +--------+--------+--------+--------+--------+-----+--------+
         Total |   6254 |   6194 |     60 |   1649 |   3103 |   7 |  893.4 |
       Dungeon |   5571 |   5511 |     60 |   1113 |   3040 |   6 |  928.5 |
         Sewer |    682 |    682 |      0 |    536 |     63 |   1 |  682.0 |
               +--------+--------+--------+--------+--------+-----+--------+

Top non-repeatable levels by time:
     D:3: 1847 daAuts
     D:4: 1291 daAuts
     D:5: 970 daAuts
     D:2: 804 daAuts
   Sewer: 682 daAuts
     D:1: 514 daAuts
     D:6: 143 daAuts
